APL (24 & UNDER)
DETROIT DIRTY SNOW @ STATE COLLEGE SPIKES
07/25/2026
 
TOP OF THE 1ST
Detroit Dirty Snow batting - Pitching for State College Spikes : LHP Sean Perry
Pitching: LHP Sean Perry
Batting: SHB Bob Noble 0-0: Called Strike
0-1: Ground out 6-3 (Groundball, 6)
Batting: RHB Cristo Souza 0-0: Called Strike
0-1: Foul Ball, location: 2F
0-2: Ball
1-2: Ball
2-2: SINGLE (Groundball, 3D)
Batting: SHB Alan Garland 0-0: Called Strike
0-1: Ground out 5-3 (Groundball, 56S)
Cristo Souza to second
Batting: SHB Tim Reid 0-0: Foul Ball, location: 2F
0-1: Called Strike
0-2: Ball
1-2: Foul Ball, location: 2F
1-2: Ball
2-2: Ball
3-2: Foul Ball, location: 2F
3-2: Base on Balls
Batting: RHB Arturo Jiménez 0-0: Ball
1-0: Foul Ball, location: 2F
1-1: Foul Ball, location: 2F
1-2: Ball
2-2: Foul Ball, location: 2F
2-2: SINGLE (Line Drive, 78M)
Cristo Souza to third
Tim Reid to second
Batting: RHB Manny Perea 0-0: Ball
1-0: Foul Ball, location: 2F
1-1: Called Strike
1-2: SINGLE (Groundball, 6M)
Cristo Souza scores
Tim Reid to third
Arturo Jiménez to second
Runner from 3rd tries for Home, SAFE, no throw or cutoff
Batting: RHB Carlos Salas 0-0: Swinging Strike
0-1: Ball
1-1: Foul Ball, location: 2F
1-2: Fly out, F7 (Flyball, 78S)
Top of the 1st over - 2 run(s), 3 hit(s), 0 error(s), 2 left on base; Detroit 2 - State College 0
BOTTOM OF THE 1ST
State College Spikes batting - Pitching for Detroit Dirty Snow : RHP David Padilla
Pitching: RHP David Padilla
Batting: RHB Alonzo Herrera 0-0: Swinging Strike
0-1: Ball
1-1: Ball
2-1: Ball
3-1: Base on Balls
Batting: RHB Piotr Zahn 0-0: Ball
1-0: Foul Ball, location: 2F
1-1: Hit by Pitch
Alonzo Herrera to second
Batting: SHB Clint Woods 0-0: Foul Ball, location: 2F
0-1: Ball
1-1: Ball
2-1: Ball
3-1: Foul Ball, location: 2F
3-2: Strikes out swinging
Alonzo Herrera is caught stealing 3rd base
Batter strikes out.
Piotr Zahn to second
Batting: RHB Eric Knight 0-0: Ball
1-0: Swinging Strike
1-1: Ball
2-1: Foul Ball, location: 2F
2-2: SINGLE (Groundball, 3D)
Piotr Zahn to third
Runner from 3rd tries for Home, SAFE, no throw or cutoff
Batting: LHB Burt Ward 0-0: Ball
1-0: Ball
2-0: Foul Ball, location: 2F
2-1: Ball
3-1: Swinging Strike
3-2: Base on Balls
Eric Knight to second
Batting: SHB Thomas Simmons 0-0: Ball
1-0: Fly out, F8 (Flyball, 8LD)
Bottom of the 1st over - 1 run(s), 1 hit(s), 0 error(s), 2 left on base; Detroit 2 - State College 1
TOP OF THE 2ND
Detroit Dirty Snow batting - Pitching for State College Spikes : LHP Sean Perry
Batting: RHB Phil Wright 0-0: Called Strike
0-1: Ball
1-1: Called Strike
1-2: SINGLE (Line Drive, 78S)
Batting: SHB Cristián López 0-0: Ball
1-0: Foul Ball, location: 2F
1-1: Ball
2-1: Swinging Strike
2-2: Strikes out swinging
Batting: SHB Bob Noble 0-0: Called Strike
0-1: Ball
1-1: Ball
2-1: Foul Ball, location: 2F
2-2: Ball
3-2: Foul Ball, location: 2F
3-2: Foul Ball, location: 2F
3-2: Strikes out looking
Batting: RHB Cristo Souza 0-0: Ball
1-0: Called Strike
1-1: Ball
2-1: Foul Ball, location: 2F
2-2: Fly out, F3 (Popup, 3F)
Top of the 2nd over - 0 run(s), 1 hit(s), 0 error(s), 1 left on base; Detroit 2 - State College 1
BOTTOM OF THE 2ND
State College Spikes batting - Pitching for Detroit Dirty Snow : RHP David Padilla
Batting: SHB Greg Butterfield 0-0: Called Strike
0-1: Ball
1-1: Foul Ball, location: 2F
1-2: Ball
2-2: Fly out, F6 (Popup, 6S)
Batting: RHB Joaquín Vásquez 0-0: Called Strike
0-1: Ball
1-1: Foul Ball, location: 2F
1-2: Ball
2-2: Strikes out looking
Batting: RHB Norberto Márquez 0-0: Swinging Strike
0-1: Ball
1-1: Ball
2-1: Ball
3-1: Foul Ball, location: 2F
3-2: Foul Ball, location: 2F
3-2: Foul Ball, location: 2F
3-2: Base on Balls
Batting: RHB Alonzo Herrera 0-0: Ball
1-0: Ball
2-0: Called Strike
2-1: Foul Ball, location: 2F
2-2: Ball
Throwing error on steal attempt, E2
Norberto Márquez to third
3-2: Foul Ball, location: 2F
3-2: Foul Ball, location: 2F
3-2: SINGLE (Groundball, 34D) (infield hit)
Norberto Márquez scores
Batting: RHB Piotr Zahn 0-0: Called Strike
0-1: Foul Ball, location: 2F
0-2: Ball
Pickoff Throw to First - Error! E1
Alonzo Herrera to second
1-2: Ground out 6-3 (Groundball, 6)
Bottom of the 2nd over - 1 run(s), 1 hit(s), 2 error(s), 1 left on base; Detroit 2 - State College 2
TOP OF THE 3RD
Detroit Dirty Snow batting - Pitching for State College Spikes : LHP Sean Perry
Batting: SHB Alan Garland 0-0: Fly out, F2 (Popup, 2RF)
Batting: SHB Tim Reid 0-0: Called Strike
0-1: Swinging Strike
0-2: Strikes out looking
Batting: RHB Arturo Jiménez 0-0: Ball
1-0: Called Strike
1-1: Ball
2-1: Ball
3-1: Base on Balls
Batting: RHB Manny Perea 0-0: Ball
1-0: Ball
2-0: Ball
3-0: Called Strike
3-1: Foul Ball, location: 2F
3-2: Fly out, F9 (Flyball, 89S)
Top of the 3rd over - 0 run(s), 0 hit(s), 0 error(s), 1 left on base; Detroit 2 - State College 2
BOTTOM OF THE 3RD
State College Spikes batting - Pitching for Detroit Dirty Snow : RHP David Padilla
Batting: SHB Clint Woods 0-0: Called Strike
0-1: SINGLE (Line Drive, 8RS)
Batting: RHB Eric Knight 0-0: Ball
1-0: Ball
2-0: Called Strike
2-1: Swinging Strike
2-2: Ball
3-2: Base on Balls
Clint Woods to second
Batting: LHB Burt Ward 0-0: Ball
1-0: Ball
2-0: SINGLE (Line Drive, 89S)
Clint Woods to third
Eric Knight to second
Batting: SHB Thomas Simmons 0-0: Swinging Strike
0-1: Foul Ball, location: 2F
0-2: Ball
1-2: Ball
2-2: Strikes out looking
Batting: SHB Greg Butterfield 0-0: Foul Ball, location: 2F
0-1: Ground out 4-3 (Groundball, 4M)
Clint Woods scores
Eric Knight to third
Burt Ward to second
Batting: RHB Joaquín Vásquez 0-0: Ball
1-0: SINGLE (Flyball, 89S)
Eric Knight scores
Burt Ward to third
Runner from 3rd tries for Home, SAFE, no throw or cutoff
Batting: RHB Norberto Márquez 0-0: Swinging Strike
0-1: Ball
1-1: Ball
2-1: Ball
3-1: Fly out, F5 (Popup, 56)
Bottom of the 3rd over - 3 run(s), 3 hit(s), 0 error(s), 1 left on base; Detroit 2 - State College 5
TOP OF THE 4TH
Detroit Dirty Snow batting - Pitching for State College Spikes : LHP Sean Perry
Batting: RHB Carlos Salas 0-0: Fly out, F4 (Popup, 34D)
Batting: RHB Phil Wright 0-0: Foul Ball, location: 2F
0-1: Swinging Strike
0-2: Reached on error, E6 (Groundball, 6)
Batting: SHB Cristián López 0-0: Ball
1-0: Ball
2-0: Called Strike
2-1: Swinging Strike
2-2: Fly out, F9 (Line Drive, 9S)
Batting: SHB Bob Noble 0-0: Ball
1-0: Fielders Choice at 2nd, U4 (Groundball, 4M)
Top of the 4th over - 0 run(s), 0 hit(s), 1 error(s), 1 left on base; Detroit 2 - State College 5
BOTTOM OF THE 4TH
State College Spikes batting - Pitching for Detroit Dirty Snow : RHP David Padilla
Batting: RHB Alonzo Herrera 0-0: Ball
1-0: Ball
2-0: Called Strike
2-1: Called Strike
2-2: Ground out 6-3 (Groundball, 6)
Pitching: RHP Dave Funk
Batting: RHB Piotr Zahn 0-0: Ball
1-0: Ball
2-0: Ball
3-0: Called Strike
3-1: Base on Balls
Batting: SHB Clint Woods 0-0: Ball
1-0: Foul Ball, location: 2F
1-1: Called Strike
1-2: Ball
2-2: Ball
3-2: Foul Ball, location: 2F
3-2: Base on Balls
Piotr Zahn to second
Batting: RHB Eric Knight 0-0: Called Strike
0-1: Ball
1-1: Swinging Strike
1-2: SINGLE (Flyball, 8RS)
Piotr Zahn to third
Clint Woods to second
Runner from 3rd tries for Home, SAFE, throw made home
Clint Woods to third
Eric Knight to second
Batting: LHB Burt Ward 0-0: Ball
1-0: Swinging Strike
1-1: Swinging Strike
1-2: Strikes out swinging
Batting: SHB Thomas Simmons 0-0: Ball
1-0: Called Strike
1-1: Ball
2-1: Ground out 1-3 (Groundball, 25)
Bottom of the 4th over - 1 run(s), 1 hit(s), 0 error(s), 2 left on base; Detroit 2 - State College 6
TOP OF THE 5TH
Detroit Dirty Snow batting - Pitching for State College Spikes : LHP Sean Perry
Batting: RHB Cristo Souza 0-0: Ball
1-0: Ground out 4-3 (Groundball, 4M)
Batting: SHB Alan Garland 0-0: Ball
1-0: Foul Ball, location: 2F
1-1: Swinging Strike
1-2: Ground out 6-3 (Groundball, 6M)
Batting: SHB Tim Reid 0-0: Ball
1-0: Fly out, F4 (Popup, 8RS)
Top of the 5th over - 0 run(s), 0 hit(s), 0 error(s), 0 left on base; Detroit 2 - State College 6
BOTTOM OF THE 5TH
State College Spikes batting - Pitching for Detroit Dirty Snow : RHP Dave Funk
Batting: SHB Greg Butterfield 0-0: Ball
1-0: Foul Ball, location: 2F
1-1: Called Strike
1-2: Strikes out looking
Batting: RHB Joaquín Vásquez 0-0: Called Strike
0-1: Ball
1-1: Ball
2-1: Swinging Strike
2-2: DOUBLE (Line Drive, 3)
Batting: RHB Norberto Márquez 0-0: Ground out 5-3 (Groundball, 56S)
Joaquín Vásquez to third
Batting: RHB Alonzo Herrera 0-0: Ball
1-0: Ball
2-0: Ball
3-0: Called Strike
3-1: Called Strike
3-2: Base on Balls
Batting: RHB Piotr Zahn 0-0: Ball
1-0: Called Strike
1-1: DOUBLE (Line Drive, 78XD)
Joaquín Vásquez scores
Alonzo Herrera to third
Runner from 3rd tries for Home, SAFE, no throw or cutoff
Batting: SHB Clint Woods 0-0: Ball
1-0: Fly out, F7 (Flyball, 7LM)
Bottom of the 5th over - 2 run(s), 2 hit(s), 0 error(s), 1 left on base; Detroit 2 - State College 8
TOP OF THE 6TH
Detroit Dirty Snow batting - Pitching for State College Spikes : LHP Sean Perry
Pitching: RHP Chris Mitchell
Batting: RHB Arturo Jiménez 0-0: Ball
1-0: Called Strike
1-1: Ball
2-1: Foul Ball, location: 2F
2-2: Strikes out swinging
Batting: RHB Manny Perea 0-0: Called Strike
0-1: Foul Ball, location: 2F
0-2: Foul Ball, location: 2F
0-2: Ball
1-2: Strikes out swinging
Batting: RHB Carlos Salas 0-0: Fly out, F6 (Popup, 6D)
Top of the 6th over - 0 run(s), 0 hit(s), 0 error(s), 0 left on base; Detroit 2 - State College 8
BOTTOM OF THE 6TH
State College Spikes batting - Pitching for Detroit Dirty Snow : RHP Dave Funk
Batting: RHB Eric Knight 0-0: Ball
1-0: Foul Ball, location: 2F
1-1: Swinging Strike
1-2: Ball
2-2: Ball
3-2: Foul Ball, location: 2F
3-2: Base on Balls
Batting: LHB Burt Ward 0-0: Ball
1-0: Grounds into double play, U4-3 (Groundball, 4)
Batting: SHB Thomas Simmons 0-0: Foul Ball, location: 2F
0-1: Ball
1-1: Ball
2-1: Foul Ball, location: 2F
2-2: Ball
3-2: Foul Ball, location: 2F
3-2: Foul Ball, location: 2F
3-2: Base on Balls
Batting: SHB Greg Butterfield 0-0: Ball
1-0: Called Strike
1-1: Ball
2-1: Foul Ball, location: 2F
2-2: Strikes out swinging
Bottom of the 6th over - 0 run(s), 0 hit(s), 0 error(s), 1 left on base; Detroit 2 - State College 8
TOP OF THE 7TH
Detroit Dirty Snow batting - Pitching for State College Spikes : RHP Chris Mitchell
Batting: RHB Phil Wright 0-0: Foul Ball, location: 2F
0-1: Ball
1-1: Ball
2-1: Ground out 6-3 (Groundball, 6M)
Batting: SHB Cristián López 0-0: Called Strike
0-1: Ball
1-1: Ball
2-1: Foul Ball, location: 2F
2-2: Fly out, F7 (Flyball, 8LM)
Batting: SHB Bob Noble 0-0: Ball
1-0: Ball
2-0: Ball
3-0: Called Strike
3-1: Fly out, F7 (Flyball, 7M)
Top of the 7th over - 0 run(s), 0 hit(s), 0 error(s), 0 left on base; Detroit 2 - State College 8
BOTTOM OF THE 7TH
State College Spikes batting - Pitching for Detroit Dirty Snow : RHP Dave Funk
Pitching: RHP Benjamin Hutchison
Batting: RHB Joaquín Vásquez 0-0: Foul Ball, location: 2F
0-1: Fly out, F4 (Popup, 34D)
Batting: RHB Norberto Márquez 0-0: Ball
1-0: Ball
2-0: Ground out 1-3 (Groundball, 15S)
Batting: RHB Alonzo Herrera 0-0: Ball
1-0: Ball
2-0: Called Strike
2-1: Called Strike
2-2: Ball
3-2: DOUBLE (Flyball, 8LD)
Batting: RHB Piotr Zahn 0-0: Ball
1-0: Reached on Error, E7 (Flyball, 7D)
Alonzo Herrera scores
Batting: SHB Clint Woods 0-0: Ball
1-0: Fly out, F7 (Flyball, 7S)
Bottom of the 7th over - 1 run(s), 1 hit(s), 1 error(s), 1 left on base; Detroit 2 - State College 9
TOP OF THE 8TH
Detroit Dirty Snow batting - Pitching for State College Spikes : RHP Chris Mitchell
Pitching: RHP Esteban Garza
Batting: RHB Cristo Souza 0-0: Called Strike
0-1: Called Strike
0-2: Strikes out swinging
Batting: SHB Alan Garland 0-0: Ball
1-0: Ball
2-0: Called Strike
2-1: Swinging Strike
2-2: Ball
3-2: Base on Balls
Batting: SHB Tim Reid 0-0: Ball
1-0: Called Strike
1-1: Ball
2-1: Ball
3-1: Base on Balls
Alan Garland to second
Batting: RHB Arturo Jiménez 0-0: Called Strike
0-1: Swinging Strike
0-2: Strikes out swinging
Batting: RHB Manny Perea 0-0: Ball
1-0: Called Strike
1-1: Ball
2-1: Foul Ball, location: 2F
2-2: Ball
3-2: Base on Balls
Alan Garland to third
Tim Reid to second
Batting: RHB Carlos Salas 0-0: Called Strike
0-1: Swinging Strike
0-2: Strikes out swinging
Top of the 8th over - 0 run(s), 0 hit(s), 0 error(s), 3 left on base; Detroit 2 - State College 9
BOTTOM OF THE 8TH
State College Spikes batting - Pitching for Detroit Dirty Snow : RHP Benjamin Hutchison
Batting: RHB Eric Knight 0-0: Ball
1-0: Called Strike
1-1: Ball
2-1: Foul Ball, location: 2F
2-2: Ball
3-2: Base on Balls
Batting: LHB Burt Ward 0-0: Called Strike
0-1: Ball
1-1: Ball
2-1: Ball
3-1: Base on Balls
Eric Knight to second
Batting: SHB Thomas Simmons 0-0: Called Strike
0-1: Foul Ball, location: 2F
0-2: Ball
1-2: Ball
2-2: Foul Ball, location: 2F
2-2: Ball
3-2: Foul Ball, location: 2F
3-2: Base on Balls
Eric Knight to third
Burt Ward to second
Batting: SHB Greg Butterfield 0-0: Ball
1-0: Called Strike
1-1: Ball
2-1: Foul Ball, location: 2F
2-2: Strikes out swinging
Batting: RHB Joaquín Vásquez 0-0: Foul Ball, location: 2F
0-1: Ball
1-1: Foul Ball, location: 2F
1-2: Grounds into fielders choice 1-2 (Groundball, 15)
Burt Ward to third
Thomas Simmons to second
Batting: RHB Norberto Márquez 0-0: Fly out, F8 (Flyball, 8LM)
Bottom of the 8th over - 0 run(s), 0 hit(s), 0 error(s), 3 left on base; Detroit 2 - State College 9
TOP OF THE 9TH
Detroit Dirty Snow batting - Pitching for State College Spikes : RHP Esteban Garza
Batting: RHB Phil Wright 0-0: Ball
1-0: DOUBLE (Line Drive, 5D)
Batting: SHB Cristián López 0-0: Called Strike
0-1: Ball
1-1: Swinging Strike
1-2: Ball
2-2: Ball
3-2: Base on Balls
Batting: SHB Bob Noble 0-0: Foul Ball, location: 2F
0-1: Ball
1-1: Fly out, F9 (Flyball, 89M)
Batting: RHB Cristo Souza 0-0: Ball
1-0: Ball
2-0: Called Strike
2-1: SINGLE (Line Drive, 7LS)
Phil Wright to third
Cristián López to second
Batting: SHB Alan Garland 0-0: Swinging Strike
0-1: Foul Ball, location: 2F
0-2: Strikes out swinging
Batting: SHB Tim Reid 0-0: Ball
1-0: Ball
2-0: Called Strike
2-1: Foul Ball, location: 2F
2-2: Ball
3-2: Base on Balls
Phil Wright scores
Cristián López to third
Cristo Souza to second
Batting: RHB Arturo Jiménez 0-0: Foul Ball, location: 2F
0-1: Ball
1-1: Fielders Choice at 2nd, 6-4 (Groundball, 6)
Top of the 9th over - 1 run(s), 2 hit(s), 0 error(s), 2 left on base; Detroit 3 - State College 9
Monday, December 5th, 2016 - OOTP Baseball 17.12 Build 75